 Dungeon Crawl Stone Soup version 0.21-a0-94-gdd6ab6a (webtiles) character file.

2641456 kuniqs the Hoplite (level 27, 148/148 HPs)
             Began as a Vine Stalker Berserker on July 1, 2017.
             Was a Follower of Uskayaw.
             Escaped with the Orb
             ... and 4 runes!
             The game lasted 02:21:16 (56608 turns).

kuniqs the Hoplite (Vine Stalker Berserker)        Turns: 56608, Time: 02:21:17

Health: 148/148    AC: 41    Str: 25    XL:     27
Magic:  37/37      EV: 17    Int: 14    God:    Uskayaw [*.....]
Gold:   2798       SH: 27    Dex: 31    Spells: 26/26 levels left

rFire    + . .     SeeInvis +   B - +4 arc blade {discharge, rElec}
rCold    + . .     Gourm    .   T - +2 large shield
rNeg     + . .     Faith    +   o - +10 gold dragon scales
rPois    +         Spirit   +   E - +0 helmet "Hixton" {rElec Regen+ Int+3}
rElec    +         Reflect  .   O - +0 cloak
rCorr    .         Harm     .   Z - +0 pair of gloves {Str+3}
MR       ++++.                  k - +2 pair of boots of the Lobster {rN+ MR+}
Stlth    ..........             D - amulet of faith
HPRegen  1.54/turn              Y - ring of Tutz {AC+3 Int+4 Dex+4}
MPRegen  0.25/turn              q - ring "Huduhu" {+Fly Slay+4 SInv}

@: no status effects
A: fangs 3, thin skeletal structure 1, agile 1, mutation resistance 1,
regeneration 2, weak 1, magic shield, antimagic bite, no potion heal 3, rot
immunity
0: Orb of Zot
}: 4/15 runes: decaying, serpentine, slimy, silver
a: Stomp, Renounce Religion, Evoke Flight


You escaped.
You worshipped Uskayaw.
Uskayaw was most pleased with you.
You were full.

You visited 11 branches of the dungeon, and saw 54 of its levels.
You visited 1 ziggurat, and saw 5 of its levels.
You also visited: Ice Cave and Wizlab.

You collected 7022 gold pieces.
You spent 4224 gold pieces at shops.

Inventory:

Hand Weapons
 B - the +4 arc blade (weapon) {discharge, rElec}
   (You found it on level 5 of the Pits of Slime)

   It insulates you from electricity.
 W - a +12 quick blade of chaos
Missiles
 b - a throwing net (quivered)
Armour
 k - the +2 pair of boots of the Lobster (worn) {rN+ MR+}
   (You bought it in a shop on level 1 of the Depths)

   It protects you from negative energy.
   It affects your resistance to hostile enchantments.
 o - +10 gold dragon scales (worn)
 E - the +0 helmet "Hixton" (worn) {rElec Regen+ Int+3}
   (You found it on level 4 of the Snake Pit)

   It affects your intelligence (+3).
   It insulates you from electricity.
   It increases your rate of regeneration.
 O - a +0 cloak (worn)
 T - a +2 large shield (worn)
 Z - a +0 pair of gloves of strength (worn)
Jewellery
 q - the ring "Huduhu" (right hand) {+Fly Slay+4 SInv}
   (You bought it in a shop on level 2 of the Orcish Mines)

   [ring of slaying]

   It affects your accuracy and damage with ranged weapons and melee attacks
   (+4).
   It lets you see invisible.
   It lets you fly.
 D - an amulet of faith (around neck)
 P - the ring "Puufyod" {rCorr Str+4}
   (You found it on level 13 of the Dungeon)

   [ring of resist corrosion]

   It affects your strength (+4).
 Y - the ring of Tutz (left hand) {AC+3 Int+4 Dex+4}
   (You found it on level 3 of a ziggurat)

   [ring of protection]

   It affects your AC (+3).
   It affects your intelligence (+4).
   It affects your dexterity (+4).
Wands
 y - a wand of acid (7/15)
 F - a wand of acid (14/15)
 H - a wand of iceblast (7/15)
 S - a wand of digging (17/24)
 U - a wand of scattershot (4/9)
 V - a wand of paralysis (9/24)
Scrolls
 a - 8 scrolls of fear
 c - 6 scrolls of teleportation
 h - 17 scrolls of identify {@r1}
 l - 8 scrolls of fog
 m - a scroll of silence
 n - 4 scrolls of immolation
 p - 9 scrolls of recharging
 t - 26 scrolls of remove curse {@r2}
 z - 10 scrolls of blinking
 M - 2 scrolls of holy word
Potions
 g - 3 potions of haste
 i - 4 potions of resistance
 j - 22 potions of curing {@q1}
 r - 3 potions of might
 s - a potion of berserk rage
 u - 9 potions of flight
 C - 4 potions of agility
 G - 4 potions of invisibility
 L - 7 potions of mutation
 N - 4 potions of cancellation
Miscellaneous
 x - 2 sacks of spiders
 I - a lightning rod (4/4)
 J - a fan of gales
 K - 4 boxes of beasts
Comestibles
 d - 24 bread rations
 e - 24 meat rations
 f - 7 fruits
 A - 14 royal jellies


   Skills:
 + Level 16.3 Fighting
 - Level 14.0 Short Blades
 + Level 15.0 Armour
 + Level 15.1 Dodging
 - Level 12.1 Stealth
 + Level 21.0 Shields
 + Level 18.8 Invocations
 - Level 10.0 Evocations


You had 26 spell levels left.
You didn't know any spells.

Dungeon Overview and Level Annotations

Branches:
Dungeon (15/15)            Temple (1/1) D:6            Lair (6/6) D:8
  Swamp (4/4) Lair:2        Snake (4/4) Lair:2        Slime (5/5) Lair:6
    Orc (2/2) D:9             Elf (2/3) Orc:2        Vaults (5/5) D:13
  Crypt (0/3) Vaults:3     Depths (5/5) D:15            Zot (5/5) Depths:5

Altars:
Cheibriados
Dithmenos
Elyvilon
Gozag
Kikubaaqudgha
Nemelex Xobeh
Okawaru
Qazlal
Trog
Uskayaw
Vehumet
Yredelemnul
Zin
The Shining One
Beogh
Jiyva

Shops:
D:4 *   D:6 ?   D:11 ?   Orc:2 *==%   Vaults:1 ?   Vaults:2 !!%   Vaults:3 (
Vaults:4 [   Vaults:5 [   Depths:1 [

Portals:
Hell: Depths:1 Depths:2 Depths:3 Depths:4 Depths:5
Abyss: Depths:2 Depths:3 Depths:4
Pandemonium: Depths:2 Depths:3 Depths:4
Trove: Vaults:2 (give +3 shadow dragon scales)

Annotations:
D:14 1 transporter
Swamp:3 RETURN TO KILL LERNY
Swamp:4 Lernaean hydra
Elf:2 3 runed doors
Depths:1 1 runed door, exclusion: orange crystal statue


Innate Abilities, Weirdness & Mutations

You have razor-sharp teeth.
You heal very quickly.
When hurt, damage is shared between your health and your magic reserves.
Your bite disrupts and absorbs the magic of your enemies.
Potions cannot restore your health.
You are immune to rotting.
You have a somewhat thin skeletal structure. (Dex +2, Stealth)
You are agile. (Dex +2)
You are somewhat resistant to further mutation.
You are weak. (Str -2)


Message History

(P) Snake Pit (M) Slime Pits (O) Orcish Mines (E) Elven Halls (V) Vaults (C) Crypt (U) Depths (H) Hell (Z) Zot
Where to? (Enter - D:1, ? - help)
You can no longer pass through a line of other dancers.
There is a stone staircase leading up here.
You climb upwards.
There is a stone staircase leading down here.
You see here a potion of heal wounds.
You see here a stone.
There is a stone staircase leading up here.
You climb upwards.
There is a stone staircase leading down here.
There is a stone staircase leading up here.
You climb upwards.
There is a stone staircase leading down here.
You see here a robe.
There is a huge open gate here.
There is a staircase leading out of the dungeon here.
You have escaped!

###.##.....#.# #...###......#
#............# ###....###.....#
..+............######
###......#..........######
...........########......#
..#...##################.# ###
....#.# #...@# #.######.. ###.#.#
#....# #.........
......#######....# #####........>
###[#...♣..♣#....#♣♣.............
# #.........#''''#.....########..
#######..............### #....
.........#.....###...# #.#..
#####.....####..###.##### #.#..
#.....# ##.# #)#...## #.#..


There were no monsters in sight!

Vanquished Creatures
  the Royal Jelly (Slime:5)
  5 orbs of fire (Zot:5)
  2 ancient liches (Zot:5)
  Boris (Depths:3)
  Saint Roka (Depths:3)
  A curse toe (Zot:4)
  A caustic shrike (Depths:3)
  2 Killer Klowns (Zot:5)
  7 golden dragons
  Jory (Depths:3)
  The ghost of braks the Brawler, an adept DrTm of Cheibriados (Depths:1)
  A bone dragon (Depths:5)
  2 electric golems (Zot:5)
  The ghost of Gorglomux the Geomancer, an adept GnFi of Okawaru (Vaults:2)
  7 tentacled monstrosities
  5 liches
  23 Orb Guardians (Zot:5)
  Asterion (Vaults:2)
  4 titans
  9 acid blobs
  3 quicksilver dragons
  3 death cobs
  An Executioner (D:14)
  Kirke (Elf:1)
  7 shadow dragons
  3 sphinxes
  7 storm dragons
  Donald (Vaults:4)
  An azure jelly (shapeshifter) (Vaults:5)
  10 fire giants
  7 tengu reavers
  4 draconian monks
  5 azure jellies
  3 draconian knights
  8 nagarajas
  A fire giant (shapeshifter) (Depths:1)
  3 draconian scorchers (Zot:5)
  2 deep elf sorcerers (Vaults:4)
  An orc warlord (Vaults:2)
  11 frost giants
  3 iron dragons
  A ghost moth (Zot:5)
  8 vault wardens
  2 draconian shifters (Zot:4)
  Aizul (Swamp:1)
  A spriggan defender (Depths:3)
  A reaper (Zig:1)
  2 deep elf elementalists
  18 very ugly things
  An entropy weaver (Vaults:2)
  2 green draconians
  39 stone giants
  15 ironheart preservers
  2 deep elf demonologists
  5 vampire knights
  A dire elephant (shapeshifter) (Depths:3)
  2 yellow draconians (Zot:5)
  A black draconian (Zig:4)
  3 deep elf annihilators
  A red draconian (Zot:4)
  14 spark wasps
  4 purple draconians
  A blizzard demon (Depths:4)
  Snorg (Lair:4)
  A death ooze (Slime:5)
  15 ettins
  A deep elf death mage (Vaults:5)
  3 deep elf high priests
  A crystal guardian (Vaults:2)
  7 fire dragons
  8 great orbs of eyes
  The ghost of Yermak the Carver, a journeyman HaCK of Xom (D:14)
  An ice dragon (Depths:5)
  5 rakshasas
  A hydra (shapeshifter) (Slime:5)
  13 yaktaur captains
  24 vault guards (Vaults:5)
  9 naga warriors
  Erolcha (Orc:2)
  An alligator snapping turtle (Slime:5)
  21 hydras
  Erica (Lair:1)
  2 spriggan air magi
  5 centaur warriors
  A death yak (shapeshifter) (Vaults:3)
  15 dancing weapons
  51 two-headed ogres
  2 death knights
  7 death yaks (Lair:4)
  5 tengu warriors
  12 ogre magi
  9 deep troll shamans
  The ghost of Television the Cleaver, a novice FoBe of Trog (D:15)
  15 anacondas
  7 deep troll earth magi
  6 alligators
  A vampire mage (D:15)
  A shock serpent (shapeshifter) (Vaults:5)
  6 shock serpents
  4 spriggan berserkers
  Nergalle (Lair:2)
  6 naga sharpshooters
  4 hell knights (Depths:4)
  A sun demon (Depths:3)
  11 deep elf knights
  30 deep trolls
  3 salamander mystics
  2 shadow wraiths
  A titan skeleton (Vaults:3)
  A storm dragon skeleton (Vaults:4)
  A fire crab (shapeshifter) (Vaults:4)
  10 iron trolls
  An unseen horror (Vaults:1)
  An iron troll (shapeshifter) (Vaults:5)
  An infernal demonspawn (Depths:3)
  12 sea snakes
  8 skeletal warriors
  A spriggan druid (Swamp:3)
  A shadow demon (Depths:3)
  4 flayed ghosts
  3 glowing orange brains
  4 naga ritualists
  8 wizards
  6 phantasmal warriors
  3 swamp dragons (Swamp:4)
  A lindwurm (shapeshifter) (Elf:2)
  9 deep elf archers
  4 necromancers
  3 shambling mangroves
  12 orc knights
  16 ironbrand convokers
  11 mana vipers
  10 orc sorcerers
  36 ugly things
  4 wolf spiders
  A stone giant zombie (Vaults:4)
  8 harpies (Vaults:1)
  A manticore (D:12)
  34 deep elf magi
  A shadow dragon skeleton (Vaults:3)
  4 shining eyes
  6 moths of wrath
  16 cyclopes
  15 salamanders
  A moth of wrath (shapeshifter) (Vaults:5)
  A tengu skeleton (Vaults:3)
  An apocalypse crab (Zig:2)
  4 guardian serpents
  34 black mambas
  2 rust devils
  12 naga magi
  16 vault sentinels
  3 elephants (Lair:5)
  2 eyes of devastation (Slime:5)
  A fire giant skeleton (Vaults:3)
  Psyche (D:8)
  An orange demon (Depths:4)
  27 spiny frogs
  3 rime drakes
  7 komodo dragons
  A smoke demon (Depths:3)
  31 yaktaurs
  2 kobold demonologists (D:9)
  5 freezing wraiths
  2 hellwings
  A red devil (Depths:3)
  9 trolls
  7 human skeletons
  3 tengu conjurers
  A queen bee (D:8)
  9 tyrant leeches
  2 queen bees (shapeshifter)
  3 meliai (D:15)
  Grinder (D:3)
  A troll (shapeshifter) (D:15)
  19 hornets
  4 bog bodies
  11 polar bears
  13 dream sheep
  20 blink frogs
  9 hippogriffs
  86 slime creatures
  A fire dragon zombie (D:15)
  A fire giant simulacrum (Vaults:3)
  A slime creature (shapeshifter) (Depths:1)
  An ettin skeleton (Vaults:3)
  Sigmund (D:3)
  2 spriggan skeletons (D:15)
  2 wraiths
  7 air elementals
  3 shadows
  2 vampires (D:14)
  A deep troll skeleton (D:15)
  10 spriggans
  2 water elementals (Elf:1)
  An elf zombie (Vaults:4)
  4 fire elementals
  36 yaks
  6 golden eyes
  4 wyverns
  3 chaos spawn
  3 hungry ghosts
  3 hogs (Elf:1)
  A basilisk (D:14)
  A neqoxec (D:15)
  2 steam dragons
  A basilisk (shapeshifter) (Vaults:2)
  20 vampire mosquitoes
  14 insubstantial wisps
  8 wargs
  An acid dragon (Vaults:2)
  3 nagas (shapeshifter)
  Edmund (D:6)
  45 nagas
  22 swamp worms
  13 water moccasins
  A floating eye (Depths:3)
  7 porcupines
  A floating eye (shapeshifter) (Depths:4)
  11 swamp drakes
  39 orc warriors
  3 sky beasts
  4 phantoms
  14 black bears
  An eye of draining (Slime:2)
  52 ogres
  5 ice beasts
  2 necrophages
  A tengu (shapeshifter) (Vaults:3)
  10 wolves
  25 centaurs
  10 boggarts
  2 elf skeletons (Vaults:3)
  15 crocodiles
  31 bullfrogs
  12 big kobolds
  A bullfrog (shapeshifter) (Depths:4)
  4 earth elementals
  A wyvern skeleton (D:14)
  4 scorpions
  An elf simulacrum (Vaults:2)
  A human simulacrum (Vaults:2)
  5 wights (D:9)
  18 killer bees
  4 howler monkeys
  2 electric eels (Snake:1)
  9 crimson imps
  4 centaur zombies
  3 quasits
  4 iron imps
  15 orc priests
  2 bullfrog zombies
  6 hounds
  5 jellies
  6 centaur skeletons
  Jessica (D:3)
  A bullfrog skeleton (D:6)
  44 orc wizards
  Terence (D:3)
  6 iguanas
  8 worker ants
  A lightning spire (Zig:5)
  2 hound zombies
  A howler monkey zombie (D:11)
  5 gnolls
  A howler monkey skeleton (D:4)
  A worker ant zombie (D:9)
  12 adders
  3 shadow imps
  7 white imps
  3 ufetubi (Depths:3)
  An adder zombie (D:7)
  3 worms
  4 dart slugs
  4 leopard geckos
  124 orcs
  A ball python (D:8)
  3 giant cockroaches
  8 goblins
  6 hobgoblins
  14 jackals
  5 quokkas
  5 bats
  5 frilled lizards
  A goblin zombie (D:9)
  2 hobgoblin zombies (D:9)
  A jackal zombie (D:5)
  47 kobolds
  A kobold zombie (D:9)
  2 orc skeletons (D:9)
  A quokka zombie (D:5)
  7 rats
  A plant (Snake:1)
2133 creatures vanquished.

Vanquished Creatures (collateral kills)
  Rupert (Lair:6)
  Agnes (Elf:1)
  4 nagarajas (Snake:4)
  Louise (Swamp:3)
  A deep elf annihilator (Elf:1)
  A deep elf death mage (Elf:2)
  Harold (Lair:4)
  A dancing weapon (Elf:1)
  The ghost of nubinia the Zephyrmancer, a journeyman TeAE of Sif Muna (D:9)
  A naga sharpshooter (Snake:4)
  A sea snake (Snake:4)
  3 deep elf archers (Elf:1)
  An ugly thing (D:12)
  4 deep elf magi
  A spiny frog (Swamp:3)
  A gargoyle (D:12)
  6 nagas (Snake:4)
  An ogre (D:9)
  4 wights (D:9)
35 creatures vanquished.

Vanquished Creatures (others)
  A human (Elf:1)
  A steam dragon (Zig:3)
  An orc priest (Orc:1)
  An orc wizard (Depths:3)
  An orc (Orc:2)
  2 bushes
  17 fungi
  40 plants
64 creatures vanquished.

Grand Total: 2232 creatures vanquished

Notes
Turn   | Place    | Note
-------+----------+-------------------------------------------
     0 | D:1      | kuniqs the Vine Stalker Berserker began the quest for the Orb.
     0 | D:1      | Reached XP level 1. HP: 11/11 MP: 2/2
   225 | D:1      | Reached XP level 2. HP: 16/16 MP: 3/3
   596 | D:1      | Reached XP level 3. HP: 20/20 MP: 4/4
   865 | D:2      | Found a stormy altar of Qazlal.
   869 | D:2      | Found a sparkling altar of Nemelex Xobeh.
   870 | D:2      | Found a glowing golden altar of the Shining One.
   871 | D:2      | Found a basalt altar of Yredelemnul.
   871 | D:2      | Found an opulent altar of Gozag.
   871 | D:2      | Found a glowing silver altar of Zin.
   872 | D:2      | Found a snail-covered altar of Cheibriados.
   874 | D:2      | Found an iron altar of Okawaru.
  1495 | D:2      | Reached ** piety under Trog
  1643 | D:3      | Gained mutation: Your natural rate of healing is unusually fast. [Vine Stalker growth]
  1643 | D:3      | Reached XP level 4. HP: 24/24 MP: 5/5
  1727 | D:3      | Noticed Jessica
  1784 | D:3      | Killed Jessica
  1809 | D:3      | Noticed Sigmund
  1957 | D:3      | Killed Sigmund
  1957 | D:3      | Reached XP level 5. HP: 29/29 MP: 6/6
  1957 | D:3      | Reached XP level 6. HP: 33/33 MP: 7/7
  2250 | D:3      | Found a radiant altar of Vehumet.
  2667 | D:3      | Noticed Grinder
  2669 | D:3      | Paralysed by Grinder for 4 turns
  2677 | D:3      | Killed Grinder
  2677 | D:3      | Reached XP level 7. HP: 38/38 MP: 8/8
  2752 | D:3      | Noticed Terence
  2760 | D:3      | Killed Terence
  3203 | D:4      | Found Waotteik's Assorted Antiques.
  3488 | D:5      | Entered Level 5 of the Dungeon
  3523 | D:5      | Reached skill level 5 in Fighting
  3523 | D:5      | Gained mutation: You have razor-sharp teeth. [Vine Stalker growth]
  3523 | D:5      | Reached XP level 8. HP: 41/43 MP: 9/9
  3622 | D:5      | Reached *** piety under Trog
  3986 | D:5      | Reached skill level 5 in Short Blades
  4610 | D:6      | Found a staircase to the Ecumenical Temple.
  4644 | Temple   | Entered the Ecumenical Temple
  4677 | D:6      | Found Fojouso's Magic Scroll Shoppe.
  4703 | D:6      | Bought a scroll of blinking for 112 gold pieces
  4703 | D:6      | Bought a scroll of fear for 52 gold pieces
  4748 | D:6      | Reached XP level 9. HP: 47/48 MP: 10/10
  5041 | D:6      | Reached skill level 5 in Armour
  5079 | D:6      | Noticed Edmund
  5093 | D:6      | Killed Edmund
  5093 | D:6      | Reached skill level 5 in Dodging
  5442 | D:7      | Reached **** piety under Trog
  5694 | D:7      | Found a shadowy altar of Dithmenos.
  6135 | D:8      | Found a staircase to the Lair.
  6345 | D:8      | Reached XP level 10. HP: 55/55 MP: 11/11
  7007 | D:8      | Found a sparkling altar of Nemelex Xobeh.
  7074 | D:8      | Reached ***** piety under Trog
  7715 | D:9      | Noticed a kobold demonologist
  7717 | D:9      | Noticed a rust devil
  7781 | D:9      | Killed a kobold demonologist
  7827 | D:9      | Noticed a kobold demonologist
  7834 | D:9      | Killed a kobold demonologist
  7864 | D:9      | Noticed nubinia's ghost (journeyman TeAE)
  7877 | D:8      | Noticed Psyche
  7885 | Lair:1   | Entered Level 1 of the Lair of Beasts
  7930 | Lair:1   | Reached XP level 11. HP: 60/60 MP: 12/12
  8167 | Lair:1   | Noticed Erica
  8175 | Lair:1   | Killed Erica
  8175 | Lair:1   | Received a gift from Trog
  8600 | Lair:2   | Noticed Nergalle
  8609 | Lair:2   | Killed Nergalle
  8817 | Lair:2   | Found a staircase to the Snake Pit.
  9087 | Lair:2   | Found a staircase to the Swamp.
  9687 | Lair:3   | Noticed a seven-headed hydra
  9694 | Lair:3   | Killed a seven-headed hydra
 10105 | Lair:3   | Gained mutation: You heal very quickly. [Vine Stalker growth]
 10105 | Lair:3   | Reached XP level 12. HP: 57/66 MP: 13/13
 10362 | Lair:3   | Found a glowing silver altar of Zin.
 10858 | Lair:4   | Found a frozen archway.
 10869 | IceCv    | Entered an ice cave
 10877 | Lair:4   | Noticed a six-headed hydra
 10886 | Lair:4   | Killed a six-headed hydra
 11013 | Lair:4   | Noticed a death yak
 11024 | Lair:4   | Reached skill level 1 in Stealth
 11032 | Lair:4   | Killed a death yak
 11065 | Lair:4   | Noticed a death yak
 11067 | Lair:4   | Noticed a death yak
 11077 | Lair:4   | Killed a death yak
 11082 | Lair:4   | Noticed Snorg
 11095 | Lair:4   | Killed a death yak
 11107 | Lair:4   | Killed Snorg
 11110 | Lair:4   | Reached skill level 10 in Fighting
 11259 | Lair:4   | Received a gift from Trog
 11280 | Lair:4   | Reached ****** piety under Trog
 11498 | Lair:4   | Noticed Harold
 11557 | Lair:4   | Killed Harold
 11591 | Lair:4   | Noticed a death yak
 11591 | Lair:4   | Noticed a death yak
 11593 | Lair:4   | Noticed a death yak
 11595 | Lair:4   | Noticed a death yak
 11604 | Lair:4   | Killed a death yak
 11604 | Lair:4   | Reached skill level 5 in Stealth
 11611 | Lair:4   | Killed a death yak
 11614 | Lair:4   | Killed a death yak
 11614 | Lair:4   | Reached XP level 13. HP: 44/72 MP: 7/14
 12485 | D:8      | Killed Psyche
 12863 | Lair:6   | Entered Level 6 of the Lair of Beasts
 12907 | Lair:5   | Reached skill level 1 in Evocations
 13245 | Lair:6   | Reached skill level 10 in Dodging
 13507 | Lair:6   | Found a staircase to the Slime Pits.
 13581 | Lair:6   | Reached skill level 10 in Armour
 13595 | Lair:6   | Reached XP level 14. HP: 79/79 MP: 8/17
 13810 | Lair:6   | Noticed Rupert
 13821 | Lair:6   | Killed Rupert
 14232 | Lair:6   | Received a gift from Trog
 14557 | D:9      | Found a glowing golden altar of the Shining One.
 14604 | D:9      | Found a staircase to the Orcish Mines.
 14663 | D:9      | Killed nubinia's ghost
 15051 | D:10     | Entered Level 10 of the Dungeon
 15151 | D:10     | Reached skill level 1 in Shields
 15708 | D:10     | Reached skill level 10 in Stealth
 15897 | D:11     | Received a gift from Trog
 16113 | D:11     | Reached skill level 2 in Shields
 16340 | D:11     | Found Imof's Magic Scroll Shoppe.
 16788 | D:12     | Reached skill level 5 in Evocations
 16917 | D:12     | Reached skill level 3 in Shields
 16968 | D:12     | Received a gift from Trog
 17659 | D:13     | Found a gate to the Vaults.
 17672 | D:13     | Reached skill level 4 in Shields
 18015 | D:13     | Received a gift from Trog
 18077 | D:13     | Reached XP level 15. HP: 83/83 MP: 9/20
 18122 | D:13     | Got a clouded glass ring
 18123 | D:13     | Identified the ring "Puufyod" {rCorr Str+4} (You found it on level 13 of the Dungeon)
 18312 | D:14     | Found a transporter.
 18322 | D:14     | Found a viscous altar of Jiyva.
 18568 | D:14     | Noticed Yermak's ghost (journeyman HaCK)
 18569 | D:14     | OH HI
 18589 | D:14     | Killed Yermak's ghost
 18704 | D:15     | Entered Level 15 of the Dungeon
 18850 | Orc:1    | Entered Level 1 of the Orcish Mines
 18861 | Orc:1    | Reached skill level 5 in Shields
 18918 | Orc:2    | Entered Level 2 of the Orcish Mines
 19581 | Orc:2    | Received a gift from Trog
 19592 | Orc:2    | Found Feujaops's Jewellery Shoppe.
 19592 | Orc:2    | Found Eroinu Buena's Food Boutique.
 19639 | Orc:2    | Found a roughly hewn altar of Beogh.
 19674 | Orc:2    | Found Etzetyl's Jewellery Boutique.
 19696 | Orc:2    | Found Soraitz's General Store.
 19924 | Orc:2    | Found a staircase to the Elven Halls.
 19925 | Orc:2    | Noticed Erolcha
 19941 | Orc:2    | Killed Erolcha
 19947 | Orc:2    | Received a gift from Trog
 19970 | Orc:1    | Reached skill level 6 in Shields
 20198 | Orc:2    | Bought the ring "Yfyzeuffi" {+Fly rC+ Str+8 Int-4 Stlth-} for 575 gold pieces
 20198 | Orc:2    | Bought an uncursed ring of poison resistance for 280 gold pieces
 20475 | Swamp:1  | Entered Level 1 of the Swamp
 20494 | Swamp:1  | Noticed Aizul
 20534 | Swamp:1  | Killed Aizul
 20770 | Swamp:1  | Reached skill level 7 in Shields
 21166 | Swamp:2  | Received a gift from Trog
 21588 | Swamp:2  | Found a shadowy altar of Dithmenos.
 21595 | Swamp:2  | Identified the +6 trident of Dogoit {antimagic, Str+3 Dex+6 SInv} (You found it on level 2 of the Swamp)
 21668 | Swamp:2  | Reached skill level 8 in Shields
 21733 | Swamp:2  | Reached XP level 16. HP: 88/88 MP: 8/24
 22083 | Swamp:3  | Received a gift from Trog
 22143 | Swamp:3  | Reached skill level 10 in Evocations
 22335 | Swamp:3  | Reached skill level 9 in Shields
 22530 | Swamp:3  | Noticed Louise
 22546 | Swamp:3  | Killed Louise
 22963 | Swamp:4  | Entered Level 4 of the Swamp
 23094 | Swamp:4  | Reached skill level 10 in Shields
 23277 | Swamp:4  | Noticed the 27-headed Lernaean hydra
 23427 | Swamp:4  | Received a gift from Trog
 23428 | Swamp:4  | Got a blackened rapier {god gift}
 23439 | Swamp:4  | Identified the +9 rapier of Armageddon {chaos, rElec MR+} (Trog gifted it to you on level 4 of the Swamp)
 23479 | Swamp:4  | Got a decaying rune of Zot
 23505 | Swamp:3  | Reached skill level 11 in Shields
 23626 | Snake:1  | Entered Level 1 of the Snake Pit
 24355 | Snake:1  | Reached skill level 12 in Shields
 25074 | Snake:2  | Received a gift from Trog
 25079 | Snake:2  | WHA
 25079 | Snake:2  | HOWQ
 25394 | Snake:2  | Identified a scroll of acquirement
 25403 | Snake:2  | Identified the +3 buckler of Free Expression {Int+4} (You acquired it on level 2 of the Snake Pit)
 25467 | Snake:2  | Reached XP level 17. HP: 91/91 MP: 8/25
 25602 | Snake:2  | Reached skill level 13 in Shields
 26335 | Snake:3  | Received a gift from Trog
 26447 | Snake:3  | Reached skill level 14 in Shields
 26653 | Snake:3  | Identified the +1 buckler of Heozoem {rF++} (You found it on level 3 of the Snake Pit)
 26655 | Snake:3  | Identified the +2 chain mail of Rationality {rN+} (You found it on level 3 of the Snake Pit)
 27285 | Snake:4  | Entered Level 4 of the Snake Pit
 27906 | Snake:4  | Identified the +0 helmet "Hixton" {rElec Regen+ Int+3} (You found it on level 4 of the Snake Pit)
 27959 | Snake:4  | Reached skill level 15 in Shields
 28169 | Snake:4  | Received a gift from Trog
 28497 | Snake:4  | Reached XP level 18. HP: 95/96 MP: 8/26
 28525 | Snake:4  | Reached skill level 16 in Shields
 28576 | Snake:4  | Received a gift from Trog
 28777 | Snake:4  | Got a serpentine rune of Zot
 29253 | Elf:1    | Entered Level 1 of the Elven Halls
 29353 | Elf:1    | Noticed an Ice Fiend
 29425 | Elf:1    | Received a gift from Trog
 29445 | Elf:1    | Reached skill level 17 in Shields
 29704 | Elf:1    | Received a gift from Trog
 29788 | Elf:1    | Noticed Agnes
 29793 | Elf:1    | Killed Agnes
 29890 | Elf:1    | Noticed Kirke
 29909 | Elf:1    | Killed Kirke
 30082 | Elf:1    | You fall through a shaft!
 30179 | Elf:2    | Received a gift from Trog
 30264 | Elf:2    | Found a runed gate.
 30264 | Elf:2    | Found a runed gate.
 30264 | Elf:2    | Found a runed gate.
 30324 | Elf:2    | Reached skill level 18 in Shields
 30902 | Elf:1    | Fell from the grace of Trog
 31077 | Temple   | Became a worshipper of Uskayaw the Reveler
 31119 | D:8      | Reached * piety under Uskayaw
 31206 | D:11     | Bought a scroll of teleportation for 45 gold pieces
 31206 | D:11     | Bought a scroll of teleportation for 45 gold pieces
 31429 | Orc:2    | Bought a scroll of teleportation for 51 gold pieces
 31438 | Orc:2    | Bought the ring "Huduhu" {+Fly Slay+4 SInv} for 1460 gold pieces
 31590 | Vaults:1 | Entered Level 1 of the Vaults
 31713 | Vaults:1 | Reached ** piety under Uskayaw
 31715 | Vaults:1 | Reached *** piety under Uskayaw
 31716 | Vaults:1 | Reached skill level 1 in Invocations
 31718 | Vaults:1 | Reached **** piety under Uskayaw
 31721 | Vaults:1 | Reached ***** piety under Uskayaw
 31803 | Vaults:1 | Reached XP level 19. HP: 100/100 MP: 9/27
 32024 | Vaults:1 | Paralysed by Trog for 6 turns
 32212 | Vaults:1 | Found Wemyps's Magic Scroll Shop.
 32222 | Vaults:1 | Reached skill level 5 in Invocations
 34709 | Vaults:2 | Found Goux's Distillery.
 34802 | Vaults:2 | Noticed Gorglomux's ghost (adept GnFi)
 34819 | Vaults:2 | Killed Gorglomux's ghost
 35064 | Vaults:2 | Found a portal to a secret trove of treasure.
 35395 | Vaults:2 | Reached ****** piety under Uskayaw
 35412 | Vaults:2 | Reached skill level 10 in Invocations
 35711 | Vaults:2 | Identified the +8 ring mail of Instinct {Str+5} (You took it off an orc on level 2 of the Vaults)
 36230 | Vaults:2 | Found Jeiniut's Distillery.
 36524 | Vaults:2 | Noticed Asterion
 36538 | Vaults:2 | Killed Asterion
 36829 | Vaults:2 | Found Taucad's Food Emporium.
 38388 | Vaults:3 | Reached XP level 20. HP: 105/105 MP: 10/30
 38919 | Vaults:3 | Found Ici Uqer's Weapon Emporium.
 39167 | Vaults:3 | Found a staircase to the Crypt.
 41397 | Vaults:4 | Identified the +0 ring mail of Lethargy {rN+ Int+2} (You found it on level 4 of the Vaults)
 41444 | Vaults:4 | Noticed Donald
 41446 | Vaults:4 | Found Zoluul's Antique Armour Shop.
 41449 | Vaults:4 | Killed Donald
 41456 | Vaults:4 | Bought a fine shield for 427 gold pieces
 41456 | Vaults:4 | Bought a pair of glowing gloves for 337 gold pieces
 41457 | Vaults:4 | Identified the +4 shield of the Bulwark {rC- Regen+ Str-5 Int+7} (You bought it in a shop on level 4 of the Vaults)
 41949 | Vaults:4 | NO
 42700 | Vaults:4 | Reached XP level 21. HP: 110/110 MP: 32/32
 43589 | D:14     | Found a transporter.
 43927 | D:15     | Found a staircase to the Depths.
 43927 | D:15     | Noticed Television's ghost (novice FoBe)
 43936 | D:15     | Killed Television's ghost
 44704 | Depths:1 | Entered Level 1 of the Depths
 44964 | Depths:1 | Noticed braks's ghost (adept DrTm)
 44986 | Depths:1 | Killed braks's ghost
 45133 | Depths:1 | Reached skill level 15 in Invocations
 45737 | Depths:1 | Found Ziff's Armour Boutique.
 45744 | Depths:1 | Bought the +2 pair of boots of the Lobster {rN+ MR+} for 563 gold pieces
 45811 | Depths:1 | Found a gateway to Hell.
 45868 | Depths:1 | Noticed a golden dragon
 45874 | Depths:1 | Killed a golden dragon
 45886 | Depths:1 | Found a runed door.
 47164 | Depths:2 | Reached skill level 19 in Shields
 47219 | Depths:2 | Found a gateway to a ziggurat.
 47261 | Zig:1    | Entered Level 1 of a ziggurat
 47273 | Zig:1    | Reached XP level 22. HP: 116/117 MP: 34/34
 47286 | Zig:2    | Entered Level 2 of a ziggurat
 47290 | Zig:2    | Was forgiven by Trog
 47400 | Zig:3    | Entered Level 3 of a ziggurat
 47425 | Zig:3    | Got a clouded platinum ring
 47429 | Zig:3    | Identified the Grimoire of the Lethal Frostbite
 47431 | Zig:3    | Identified the ring of Tutz {AC+3 Int+4 Dex+4} (You found it on level 3 of a ziggurat)
 47436 | Zig:4    | Entered Level 4 of a ziggurat
 47477 | Zig:5    | Entered Level 5 of a ziggurat
 47507 | Zig:5    | Reached XP level 23. HP: 121/122 MP: 27/35
 47787 | Depths:2 | Found a one-way gate to the infinite horrors of the Abyss.
 47847 | Depths:2 | Found a one-way gate leading to the halls of Pandemonium.
 48683 | Slime:1  | Entered Level 1 of the Pits of Slime
 48881 | Slime:5  | Entered Level 5 of the Pits of Slime
 48911 | Slime:5  | Noticed the Royal Jelly
 48927 | Slime:5  | Killed the Royal Jelly
 49105 | Slime:5  | Got a slimy rune of Zot
 49211 | Slime:3  | Reached skill level 10 in Short Blades
 49589 | Vaults:5 | Entered Level 5 of the Vaults
 49639 | Vaults:5 | Noticed a golden dragon
 49646 | Vaults:5 | Found Kufeomp's Antique Armour Shop.
 49659 | Vaults:5 | Killed a golden dragon
 49675 | Vaults:5 | Bought a pair of runed gloves for 277 gold pieces
 49728 | Vaults:5 | Reached XP level 24. HP: 107/127 MP: 36/36
 49965 | Vaults:5 | Got a silver rune of Zot
 50417 | Vaults:5 | Identified The Foundations of Spellcraft
 50823 | Vaults:5 | Identified the cursed +1 plate armour of Weirdness {Dex+6} (You found it on level 5 of the Vaults)
 51297 | Depths:3 | Paralysed by a floating eye for 3 turns
 51370 | Depths:3 | Noticed Jory
 51393 | Depths:3 | Killed Jory
 51394 | Depths:3 | BROKE YOUR STREAK
 51507 | Depths:3 | Noticed Boris
 51518 | Depths:3 | Killed Boris
 51563 | Depths:3 | Got an ancient iron ring
 51564 | Depths:3 | Identified the ring of Zemeohete {rF+ Int+3} (You found it on level 3 of the Depths)
 51568 | Depths:3 | Noticed Saint Roka
 51578 | Depths:3 | Killed Saint Roka
 51648 | Depths:3 | Reached XP level 25. HP: 133/133 MP: 35/36
 52685 | Depths:4 | Reached skill level 20 in Shields
 52980 | Depths:4 | Paralysed by a floating eye for 4 turns
 53391 | Depths:5 | Entered Level 5 of the Depths
 53432 | Depths:5 | Reached XP level 26. HP: 140/140 MP: 36/36
 53529 | Depths:5 | Found a magical portal.
 53534 | WizLab   | Entered Iskenderun's Mystic Tower
 53619 | Depths:5 | Reached skill level 15 in Fighting
 53808 | Depths:5 | Found a gate to the Realm of Zot.
 53820 | Zot:1    | Entered Level 1 of the Realm of Zot
 54245 | Zot:5    | Entered Level 5 of the Realm of Zot
 54783 | Zot:5    | Noticed an orb of fire
 54804 | Zot:5    | Gained mutation: You occasionally shout uncontrollably at your foes. [an orb of fire]
 54818 | Zot:5    | Killed an orb of fire
 54910 | Zot:5    | Noticed an orb of fire
 55022 | Zot:5    | Reached XP level 27. HP: 134/147 MP: 37/37
 55088 | Zot:5    | Noticed an ancient lich
 55107 | Zot:5    | Killed an ancient lich
 55221 | Zot:5    | Noticed an ancient lich
 55235 | Zot:5    | Killed an ancient lich
 55303 | Zot:5    | Noticed an orb of fire
 55309 | Zot:5    | Gained mutation: You tend to lose your temper in combat. [an orb of fire]
 55324 | Zot:5    | Killed an orb of fire
 55325 | Zot:5    | Killed an orb of fire
 55340 | Zot:5    | Noticed an orb of fire
 55342 | Zot:5    | Gained mutation: You are clumsy. (Dex -2) [an orb of fire]
 55360 | Zot:5    | Killed an orb of fire
 55616 | Zot:5    | Noticed an orb of fire
 55618 | Zot:5    | Gained mutation: You sometimes yell uncontrollably at your foes. [an orb of fire]
 55869 | Zot:5    | Gained mutation: Your mind is acute. (Int +2) [an orb of fire]
 55879 | Zot:5    | Killed an orb of fire
 55978 | Zot:5    | Reached skill level 15 in Dodging
 55979 | Zot:5    | Reached skill level 21 in Shields
 55996 | Zot:5    | Reached skill level 15 in Armour
 56036 | Zot:5    | Lost mutation: You are clumsy. (Dex -2) [potion of mutation]
 56036 | Zot:5    | Lost mutation: Your mind is acute. (Int +2) [potion of mutation]
 56036 | Zot:5    | Lost mutation: You sometimes yell uncontrollably at your foes. [potion of mutation]
 56036 | Zot:5    | Gained mutation: You have a somewhat thin skeletal structure. (Dex +2, Stealth) [potion of mutation]
 56036 | Zot:5    | Gained mutation: You are agile. (Dex +2) [potion of mutation]
 56036 | Zot:5    | Gained mutation: You have a pair of small horns on your head. [potion of mutation]
 56037 | Zot:5    | Lost mutation: You occasionally shout uncontrollably at your foes. [potion of mutation]
 56037 | Zot:5    | Lost mutation: You have a pair of small horns on your head. [potion of mutation]
 56037 | Zot:5    | Lost mutation: You are agile. (Dex +2) [potion of mutation]
 56037 | Zot:5    | Lost mutation: You tend to lose your temper in combat. [potion of mutation]
 56037 | Zot:5    | Gained mutation: You are agile. (Dex +2) [potion of mutation]
 56037 | Zot:5    | Gained mutation: You are weak. (Str -2) [potion of mutation]
 56037 | Zot:5    | Gained mutation: You are somewhat resistant to further mutation. [potion of mutation]
 56048 | Zot:5    | Got the Orb of Zot
 56608 | D:$      | Escaped with the Orb!

Vault maps used:
D:1:      sevenhm_arrival_forest_fort_small_6, minmay_misc_feat_more_columns,
          hangedman_abyss_or_decor_lesser_grid, item_on_display_a
D:2:      minitemple, first_bread
D:3:      marbit_many_paths, uniq_terence, uniq_sigmund, uniq_grinder,
          uniq_jessica
D:4:      serial_shops, shop_fountains, grunt_decor_mini_mirrors
D:5:      serial_curves, eino_curves_02, eino_curves_02, st_stairs_2
D:6:      minmay_temple_entry_purple_smoke, serial_shops, nicolae_shop_crystal,
          uniq_edmund
D:7:      grunt_dithmenos_shadows, serial_co_window_serial, co_window_paths_b,
          co_window_corner_a, co_window_cross_1, co_window_corner_a,
          co_window_corner_a, co_window_broadway_c, co_window_broadway_b,
          co_window_paths_c, glass_columns_c, glass_columns_a, glass_columns_a
D:8:      due_lair_maze_entry_diamond, basic_altar, david_nohive_1, uniq_psyche
D:9:      orc_0_dummy, nicolae_tso_besieged_by_evil
D:10:     minivault_22, nooodl_food_tri
D:11:     serial_shops, kennysheep_little_box
D:12:     bh_hangedman_babel_library
D:13:     erik_vaults_1
D:14:     gammafunk_jiyva_shrine, minmay_misc_feat_ornament
D:15:     gammafunk_depths_entry_grave, solitary_fountain
Temple:   nicolae_temple_hex_pool
Lair:1:   uniq_erica
Lair:2:   minmay_swamp_entry_worms, guppyfry_snake_entry_garden, uniq_nergalle
Lair:3:   fungi_pond_lemuel, st_stairs_7, minivault_11, lemuel_centaur_altar
Lair:4:   portal_ice_cave_entry_pillars_1, grunt_megastairs_4, uniq_harold,
          uniq_snorg
Lair:6:   minmay_lair_end_frog_pond, minmay_slime_entry_pillars, uniq_rupert
Swamp:1:  serial_swamp_ruin, evilmike_swamp_ruin_wall,
          evilmike_swamp_ruin_house_2, evilmike_swamp_ruin_house_4, uniq_aizul
Swamp:2:  basic_altar, swamp_pool5, nicolae_swamp_baby_hydras
Swamp:3:  evilmike_swamp_ruin_house_3, uniq_louise
Swamp:4:  swamp, swamp_pool1
Snake:1:  serial_bayou_shore_a
Snake:2:  spider_trap, basic_stair_grate_trap
Snake:3:  grunt_ministairs_13, abandoned_shop
Snake:4:  grunt_snake_rune_pools
Slime:1:  cheibrodos_slime_lost_civilization_5
Orc:2:    st_orc_town, uniq_erolcha
Elf:1:    eino_elf_arrival_customs, hangedman_elf_disciples, uniq_kirke,
          uniq_agnes
Vaults:1: vaults_room_fours, v_misc_28, ontoclasm_vaults_pinch, v_misc_10,
          nicolae_vaults_little_squares_6, ontoclasm_vaults_decontamination,
          vaults_room_door_ring, vaults_room_semicircle, v_misc_10,
          serial_shops, shop_fountains
Vaults:2: nicolae_vaults_shelves_hall, vaults_mumra_minichess_inversion,
          nicolae_vaults_ring_of_whatevers, vaults_room_stairs_pillars,
          vaults_dpeg_cross, vaults_room_grunt_arrival_ludios,
          nicolae_vaults_circle_grid_a, vaults_mumra_chevron,
          hangedman_vaults_slice, nicolae_vaults_alarming, v_alt_pattern_1,
          nicolae_vaults_big_ls, special_room_vaults,
          nicolae_vaults_little_squares_4, serial_shops, nicolae_shop_crystal,
          shop, shop, enter_trove_3, uniq_asterion
Vaults:3: vaults_dpeg_spiral, nicolae_vaults_circle_grid_b, v_alt_pattern_6,
          minmay_crypt_entry_skeletal_spiral, v_misc_18,
          nicolae_vaults_specimen_jars, hangedman_vaults_stagger, v_misc_29,
          hangedman_vaults_trim, grunt_vaults_diagonal, vaults_room_semicircle,
          serial_shops, shop
Vaults:4: dpeg_vaults_waves, vaults_room_grid, hangedman_vaults_stitches,
          nicolae_vaults_ring_of_whatevers, vaults_mumra_lcd,
          nicolae_vaults_yaktaur_gun_rack, vaults_mumra_hexcomb,
          nicolae_vaults_twisting_passages, ontoclasm_vaults_claustrophobia,
          vaults_room_large_hall, ontoclasm_vaults_loading_screen,
          nicolae_vaults_diagonal_hallway_6, nicolae_vaults_three_branches,
          v_pattern_1, nicolae_vaults_little_squares_3, vaults_room_pool,
          vaults_room_pool, serial_shops, nicolae_shop_stone, uniq_donald
Vaults:5: serial_shops
Depths:1: serial_sigils, serial_sigils_hangedman_carve,
          serial_sigils_hangedman_scratch, serial_sigils_hangedman_gut,
          serial_sigils_hangedman_confine, serial_sigils_hangedman_shear,
          serial_shops, kennysheep_mini_moat, pf_coc_iceberg, hex_medium,
          grunt_ministairs_14, minmay_crystal_box
Depths:2: cheibrodos_lost_city_excavation, enter_ziggurat_d,
          rand_demon_pan_entry_9, abyss_entry, kennysheep_small_spiral,
          hell_entry
Depths:3: minmay_three_patterns, grunt_pan_entry_spiral, abyss_entry,
          hangedman_decor_growths, grunt_hell_entry_dis_mu,
          infiniplex_staircase_star, uniq_boris, uniq_saint_roka, uniq_jory
Depths:4: minmay_connected_triangles_in_corner, hangedman_decor_opposing,
          abyss_entry, grunt_pan_entry_zigzag, hell_entry, st_stairs_3,
          kennysheep_generic_room_11
Depths:5: evilmike_zot_entry_diamond, nicolae_wwwww, hell_entry,
          infiniplex_enter_wizlab_spiral
Zot:1:    lemuel_lake_of_fire
Zot:2:    grunt_ministairs_3
Zot:3:    nicolae_zot_draconian_monastery, stair_cage_line
Zot:4:    grunt_megastairs_3
Zig:1:    ziggurat_pillar_centre_c
IceCv:    ice_cave_statue_garden_teleport
WizLab:   wizlab_iskenderun

Skill      XL: |  1  2  3  4  5  6  7  8  9 10 11 12 13 14 15 16 17 18 19 20 21 22 23 24 25 26 27 |
---------------+----------------------------------------------------------------------------------+-----
Fighting       | 3 4 5 7 8 9 10 11 12 13 14 15 16 | 16.3
Dodging        | 2 3 4 6 8 9 10 11 12 13 14 15 | 15.1
Short Blades   | 3 4 5 6 8 9 11 14 | 14.0
Armour         | 2 3 4 6 7 8 9 10 11 12 13 14 15 | 15.0
Stealth        | 5 9 11 12 | 12.1
Evocations     | 3 6 9 10 | 10.0
Shields        | 4 8 12 15 18 19 20 21 | 21.0
Invocations    | 3 12 14 15 16 17 18 | 18.8

Action                   |  1- 3 |  4- 6 |  7- 9 | 10-12 | 13-15 | 16-18 | 19-21 | 22-24 | 25-27 || total
-------------------------+-------+-------+-------+-------+-------+-------+-------+-------+-------++-------
Melee: Short sword       |    81 |    98 |   444 |   704 |       |       |       |       |       ||  1327
       Bite              |    23 |    26 |   156 |   307 |   805 |   948 |  1025 |   434 |   519 ||  4243
       Unarmed           |       |       |       |    43 |       |       |       |       |       ||    43
       Quick blade       |       |       |       |    30 |  1757 |  1962 |  1610 |   272 |   200 ||  5831
       Rapier            |       |       |       |       |       |    17 |       |   475 |   679 ||  1171
Throw: Throwing net      |       |       |       |       |       |       |       |       |     1 ||     1
Invok: Berserk           |     5 |     5 |     9 |    20 |    22 |     4 |       |       |       ||    65
       Trog's Hand       |       |     2 |       |       |     8 |     2 |       |       |       ||    12
       Burn Spellbooks   |       |       |     2 |     1 |     5 |       |       |       |       ||     8
       Brothers in Arms  |       |       |       |     1 |     5 |    11 |       |       |       ||    17
       Renounce Religion |       |       |       |       |       |     1 |       |       |       ||     1
       Line Pass         |       |       |       |       |       |       |     1 |     3 |     2 ||     6
       Grand Finale      |       |       |       |       |       |       |       |     3 |       ||     3
Evoke: Wand              |       |       |       |     5 |    10 |     9 |     3 |       |    12 ||    39
       Sack of spiders   |       |       |       |       |       |       |     2 |       |       ||     2
  Use: Scroll            |     2 |     1 |     7 |     9 |    10 |    17 |    26 |     6 |    12 ||    90
       Potion            |       |     4 |     4 |     2 |     1 |       |     2 |     2 |     9 ||    24
 Stab: Paralysed         |       |       |       |     2 |     1 |     9 |   115 |    69 |    86 ||   282
       Sleeping          |       |       |       |       |     2 |     1 |    17 |       |       ||    20
       Distracted        |       |       |       |       |       |     2 |     6 |     1 |       ||     9
       Petrifying        |       |       |       |       |       |       |     4 |       |       ||     4
       Confused          |       |       |       |       |       |       |     3 |     3 |     2 ||     8
       Invisible         |       |       |       |       |       |       |       |     1 |       ||     1
       Held in net/web   |       |       |       |       |       |       |       |       |     1 ||     1
  Eat: Chunk             |     5 |     9 |    20 |    31 |    56 |    28 |    39 |     8 |     7 ||   203
       Fruit             |       |       |     1 |     7 |     4 |    12 |       |     4 |       ||    28
       Royal jelly       |       |       |       |       |       |     2 |     5 |     3 |       ||    10
       Meat ration       |       |       |       |       |       |       |       |       |     3 ||     3
Armor: Animal skin       |    10 |     3 |       |       |       |       |       |       |       ||    13
       Scale mail        |       |    12 |     8 |    95 |       |       |       |       |       ||   115
       Ring mail         |       |       |   102 |    13 |       |       |    67 |       |       ||   182
       Skin              |       |       |       |    64 |       |       |       |       |       ||    64
       Plate armour      |       |       |       |       |   313 |   107 |     5 |       |       ||   425
       Troll leather arm |       |       |       |       |     6 |       |       |       |       ||     6
       Chain mail        |       |       |       |       |       |    72 |    31 |       |       ||   103
       Gold dragon scale |       |       |       |       |       |       |       |   127 |   199 ||   326
Dodge: Dodged            |    36 |    41 |   204 |   334 |   318 |   192 |   167 |    85 |   119 ||  1496
Block: Shield            |       |       |       |       |   386 |    45 |       |       |       ||   431
       Large shield      |       |       |       |       |       |   912 |   775 |   483 |   502 ||  2672
